 Dungeon Crawl Stone Soup version 0.23-a0-261-g133332c (console) character file.

63 bli the Sneak (level 4, -2/25 HPs)
             Began as an Octopode Ice Elementalist on Sept 29, 2018.
             Was an Initiate of Hepliaklqana.
             Slain by a gnoll
             ... wielding a +0 whip
              (7 damage)
             ... on level 2 of the Dungeon.
             The game lasted 00:07:22 (2116 turns).

bli the Sneak (Octopode Ice Elementalist)           Turns: 2116, Time: 00:07:23

Health: -2/25      AC:  1    Str:  7    XL:     4   Next: 9%
Magic:  5/8        EV: 13    Int: 17    God:    Hepliaklqana [......]
Gold:   94         SH:  0    Dex: 13    Spells: 7/8 levels left

rFire    + . .     SeeInvis .   (no weapon)
rCold    . . .     Gourm    .   (no shield)
rNeg     . . .     Faith    .   (helmet restricted)
rPois    .         Spirit   .   (no amulet)
rElec    .         Reflect  .   e - ring of protection from fire
rCorr    +         Harm     .   g - ring of resist corrosion
MR       .....                  (no ring)
Stlth    +++.......             (no ring)
HPRegen  0.08/turn              (no ring)
MPRegen  0.11/turn              (no ring)
                                (no ring)
                                (no ring)

@: lethally poisoned (-2 -> -3)
A: almost no armour, stealthy swim, amphibious, 8 rings, constrict 8, reduced
essence, camouflage 1, gelatinous body 1
a: Recall Ancestor, Ancestor Identity, Renounce Religion


You were on level 2 of the Dungeon.
You worshipped Hepliaklqana.
Hepliaklqana was noncommittal.
You were not hungry.

You visited 1 branch of the dungeon, and saw 2 of its levels.

You collected 94 gold pieces.

Inventory:

Missiles
 a - 3 curare-tipped needles
 f - 63 stones (quivered)
 j - 2 needles of frenzy
Magical Staves
 k - an uncursed staff of fire
Jewellery
 e - a ring of protection from fire (left tentacle)
 g - a ring of resist corrosion (right tentacle)
Scrolls
 h - 4 scrolls of identify {unknown}
 i - a scroll of remove curse {unknown}
 m - a scroll of fear {unknown}
Potions
 c - a potion of heal wounds {unknown}
 d - a potion of brilliance {unknown}
 l - a potion of might {unknown}
Comestibles
 b - a ration
 n - a chunk of flesh


   Skills:
 + Level 1.1 Fighting
 + Level 2.1 Dodging
 + Level 3.6 Stealth
 + Level 0.1 Unarmed Combat
 * Level 2.9 Spellcasting
   Level 1.0 Conjurations
 + Level 3.3 Ice Magic


You had 7 spell levels left.
You knew the following spells:

 Your Spells              Type           Power        Failure   Level  Hunger
a - Freeze                Ice            ##..         4%          1    None

Your spell library contained the following spells:

 Spells                   Type           Power        Failure   Level  Hunger
 Throw Frost              Conj/Ice       #.....       11%         2    ##.....
 Ozocubu's Armour         Chrm/Ice       #.......     26%         3    ###....
 Throw Icicle             Conj/Ice       #.......     56%         4    ####...
 Summon Ice Beast         Ice/Summ       #.......     65%         4    ####...


Dungeon Overview and Level Annotations

Branches:
Dungeon (2/15)

Altars:
Hepliaklqana


Innate Abilities, Weirdness & Mutations

You cannot wear most types of armour.
You are very stealthy in the water. (Stealth+)
You are amphibious.
You can wear up to eight rings at the same time.
You can use your tentacles to constrict eight enemies at once.
Your skin changes colour to match your surroundings (Stealth+).
Your rubbery body absorbs attacks. (AC +1, EV +1)
Your life essence is reduced to manifest your ancestor. (-10% HP)


Message History

The bat closely misses you. The bat barely misses you.
The bat hits you but does no damage. The bat hits you.
The bat barely misses you.
You feel sick. The bat hits you. The bat hits you but does no damage.
The bat barely misses you. The bat barely misses you. The bat hits you.
* * * LOW HITPOINT WARNING * * *
You feel sick. The bat closely misses you.
Things that are here:
a club; a hobgoblin skeleton The bat completely misses you.
The bat closely misses you. The bat misses you. x2
You feel sick.
The gnoll shouts!
The bat completely misses you. The bat hits you.
* * * LOW HITPOINT WARNING * * *
The gnoll hits you with a whip!
You die...

##...####÷......#
###....##...[..####
####.##.........##########
#.......###.............#
##..##..###.#.#########.#####
#.............# #...g.g
#.........#.#.#### #...###
###.......#.#.#....# #....#
#...#.#..g#.#.#.##..######.#.#
##.###.##......#.###....g[._..#
#..# #.##..#.#g@..#####..g#.###
#.## #.##..#.##.b.####g.#.#...
#.## #....##.##....#...##.###.#
#..# #.##.##.##....g.####.....#
##.###.##.##........## ####..#
#.....#...####<....######## ..#
####....g.).###............ .#
##..†......# #..#..####### .
###..#.......###..##.##
#...##.............#).#
##.####.......####...#...#


You could see 3 gnolls and a bat.

Vanquished Creatures
  A gnoll (D:1)
  2 adders
  2 dart slugs
  A leopard gecko (D:2)
  2 bats (D:2)
  2 giant cockroaches
  6 hobgoblins
  A quokka (D:2)
  A frilled lizard (D:2)
  6 goblins
  2 kobolds
  4 rats
30 creatures vanquished.

Vanquished Creatures (others)
  An ancestor (D:2)
1 creature vanquished.

Grand Total: 31 creatures vanquished

Notes
Turn   | Place    | Note
-------+----------+-------------------------------------------
     0 | D:1      | bli the Octopode Ice Elementalist began the quest for the
                  | Orb.
     0 | D:1      | Reached XP level 1. HP: 11/11 MP: 3/3
   362 | D:1      | Reached XP level 2. HP: 17/17 MP: 5/5
  1392 | D:2      | Reached XP level 3. HP: 21/21 MP: 4/6
  2058 | D:2      | Found a hazy altar of Hepliaklqana.
  2072 | D:2      | Became a worshipper of Hepliaklqana the Forgotten
  2099 | D:2      | Reached skill level 1 in Fighting
  2099 | D:2      | Reached XP level 4. HP: 13/25 MP: 3/8
  2116 | D:2      | Slain by a gnoll

Vault maps used:
D:1:      dpeg_arrival_pits, minmay_tetromino_l2
D:2:      lemuel_crystal_altar

Skill      XL: |  1  2  3 |
---------------+----------+-----
Stealth        | 3 |  3.6
Fighting       | 1 |  1.1
Dodging        | |  2.1
Unarmed Combat | |  0.1
Spellcasting   | |  2.9
Conjurations   | |  1.0
Ice Magic      | |  3.3

Action                   |  1- 3 |  4- 6 || total
-------------------------+-------+-------++-------
Melee: Unarmed           |    28 |       ||    28
       Constrict         |    12 |       ||    12
       Tentacles         |     6 |       ||     6
Throw: Stone             |     2 |       ||     2
 Cast: Freeze            |    45 |     1 ||    46
 Stab: Sleeping          |     6 |       ||     6
  Eat: Chunk             |     4 |       ||     4
Armor: Skin              |    11 |     6 ||    17
Dodge: Dodged            |    41 |    12 ||    53

Table legend:
 A = Non-vault XP
 B = Vault XP
 C = Vault XP percentage of total XP
 D = Non-vault monster count
 E = Vault monster count
 F = Vault count percentage of total count
                 A         B        C        D         E       F
            +---------+---------+-------+---------+---------+-------
      Total |      90 |       0 |   0.0 |      30 |       0 |   0.0
            +---------+---------+-------+---------+---------+-------
        D:1 |      44 |       0 |   0.0 |      11 |       0 |   0.0
        D:2 |      46 |       0 |   0.0 |      19 |       0 |   0.0
            +---------+---------+-------+---------+---------+-------
